 Dungeon Crawl Stone Soup version bcrawl-1.34.4 (webtiles) character file.

Game seed: 14052153250167360067

103431 KristoblXynda the Slasher (level 4, -5/35 HPs)
             Began as a Vampire Gladiator on Oct 25, 2021.
             Killed by divine providence
             ... invoked by an orc priest
              (12 damage)
             ... on level 3 of the Dungeon.
             The game lasted 00:03:14 (2713 turns).

KristoblXynda the Slasher (Vampire Gladiator)       Turns: 2713, Time: 00:03:14

Health: -5/35      AC:  5    Str: 18    XL:     4   Next: 34%
Magic:  4/4        EV: 13    Int:  8    God:
Gold:   112        SH:  1    Dex: 14    Spells: 3/3 levels left

rFire    . . .     SeeInvis +   a - +0 long sword
rCold    + . .     Gourm    .   (no shield)
rNeg     + + .     Faith    .   b - +0 leather armour
rPois    ∞         Spirit   .   c - +0 helmet
rElec    .         Reflect  .   h - scarf {clouds}
rCorr    .         Harm     .   (no gloves)
MR       .....                  f - +0 pair of boots
Stlth    ++++......             (no amulet)
HPRegen  0.05/turn              (no ring)
MPRegen  0.09/turn              (no ring)

@: regenerating slowly
A: claws 1, fangs 3, see invisible, unbreathing
a: Evoke Fog


You were on level 3 of the Dungeon.
You were near bloodless.

You visited 1 branch of the dungeon, and saw 3 of its levels.

You collected 112 gold pieces.

Inventory:

Hand Weapons
 a - a +0 long sword (weapon)
Missiles
 d - 3 throwing nets {=f}
Armour
 b - a +0 leather armour (worn)
 c - a +0 helmet (worn)
 f - a +0 pair of boots (worn)
 h - a scarf of clouds (worn)
Scrolls
 i - a scroll of identify
 j - 3 scrolls of remove curse
 l - a scroll of amnesia {unknown}
Potions
 e - 6 potions of heal wounds
 g - a potion of mutation {unknown}
 k - a potion of haste {unknown}
 m - a potion of magic
 n - a potion of degeneration {unknown}
 o - a potion of might
 q - 16 potions of blood


   Skills:
 + Level 3.2 Fighting
 + Level 4.4 Long Blades
 - Level 2.0 Throwing
 + Level 4.1 Dodging
 + Level 1.8 Stealth


You had 3 spell levels left.
You didn't know any spells.
Your spell library was empty.

Dungeon Overview and Level Annotations

Branches:
Dungeon (3/12)

Altars:
Qazlal


Innate Abilities, Weirdness & Mutations

You heal slowly.
You are immune to poison.
You have sharp fingernails.
You have razor-sharp teeth.
You have supernaturally acute eyesight. (SInv)
You can survive without breathing.


Message History

The orc shouts!
You hear a shout! x2
The orc hits you with a +0 morningstar!
* * * LOW HITPOINT WARNING * * *
The kobold barely misses you. The kobold hits you but does no damage.
The kobold shouts!
You hit the orc.
The orc is moderately wounded.
The ooze misses you. The orc closely misses you. The orc barely misses you.
The kobold hits you.
* * * LOW HITPOINT WARNING * * *
The ooze hits you.
* * * LOW HITPOINT WARNING * * *
The orc barely misses you. The orc closely misses you.
The orc closely misses you.
An orc and an orc priest come into view.
You have encountered a dangerous foe!
The orc priest mumbles some strange prayers to Beogh against you.
Beogh smites you!
You die...

##### o.....
...o..###
........# ..
#@#######...
#oo....#....
##oK.......>>
#oJ..........
#............
#..<.........
#...(.K......
#...<........
##..........)


You could see an ooze, an orc priest, 5 orcs and 2 kobolds.

Vanquished Creatures
  An adder (D:3)
  An ooze (D:1)
  2 worms (D:2)
  3 dart slugs (D:1)
  2 leopard geckos (D:1)
  2 ball pythons (D:1)
  A giant cockroach (D:2)
  8 goblins
  10 hobgoblins
  6 jackals (D:2)
  8 kobolds
  A quokka (D:2)
  6 bats
  3 frilled lizards
  2 rats (D:1)
56 creatures vanquished.

Notes
Turn   | Place    | Note
-------+----------+-------------------------------------------
     0 | D:1      | KristoblXynda the Vampire Gladiator began the quest for the
                  | Orb.
     0 | D:1      | Reached XP level 1. HP: 17/17 MP: 1/1
   328 | D:1      | Reached XP level 2. HP: 16/23 MP: 2/2
   729 | D:1      | Reached XP level 3. HP: 17/29 MP: 3/3
  1414 | D:2      | Reached skill level 1 in Stealth
  1847 | D:2      | Found a stormy altar of Qazlal.
  1929 | D:2      | Reached XP level 4. HP: 11/35 MP: 4/4
  2713 | D:3      | Killed from afar by an orc priest

Skill      XL: |  1  2  3  4 |
---------------+-------------+-----
Long Blades    | 4 |  4.4
Throwing       | 2 |  2.0
Fighting       | 3 |  3.2
Stealth        | 1 |  1.8
Dodging        | 4 |  4.1

Action                   |  1- 3 |  4- 6 || total
-------------------------+-------+-------++-------
Melee: Long sword        |   120 |    38 ||   158
       Bite              |    11 |     2 ||    13
  Use: Potion            |     3 |     2 ||     5
       Scroll            |     3 |       ||     3
 Stab: Sleeping          |     2 |     3 ||     5
Armor: Leather armour    |    47 |    10 ||    57
Dodge: Dodged            |   127 |    30 ||   157
Block: Other             |     2 |       ||     2
